 Dungeon Crawl Stone Soup version 0.30.1-11-g7821555f0a (webtiles) character file.

Game seed: 2677449814304115159

176 ExZ the Trooper (level 5, -1/48 HPs)
             Began as a Ghoul Monk on Dec 17, 2023.
             Splashed by a jelly's acid (10 damage)
             ... on level 3 of the Dungeon.
             The game lasted 00:05:08 (2933 turns).

ExZ the Trooper (Ghoul Monk)                        Turns: 2933, Time: 00:05:09

Health: -1/48      AC: -6    Str: 23    XL:     5   Next: 56%
Magic:  4/4        EV: 11    Int:  5    God:
Gold:   160        SH:  0    Dex: 11    Spells: 4/4 levels left

rFire   + . .        a - +0 falchion
rCold   . . .        d - orb {light}
rNeg    + + +        k - +0 ring mail
rPois   ∞            (no helmet)
rElec   .            (no cloak)
rCorr   .            (no gloves)
SInv    .            (no boots)
Will    .....        o - amulet of the acrobat Stlth
                     f - +6 ring of strength
HPRegen 0.00/turn    n - ring of fire
MPRegen 0.09/turn

%: acrobat
@: corroded, inhibited regen, glowing
A: claws 1, cold resistance 1, negative energy resistance 3, inhibited
regeneration, torment resistance 2, devour on kill
a: no special abilities


You were on level 3 of the Dungeon.
You visited 1 branch of the dungeon, and saw 3 of its levels.

You collected 160 gold pieces.

Inventory:

Hand Weapons
 a - a +0 falchion (weapon)
Armour
 b - a +0 robe
 d - an orb of light (worn)
 k - a +0 ring mail (worn)
Jewellery
 f - a +6 ring of strength (left claw)
 n - a ring of fire (right claw)
 o - an amulet of the acrobat (around neck)
Scrolls
 g - 2 scrolls of magic mapping {unknown}
 i - 3 scrolls of identify {unknown}
 m - 2 scrolls of teleportation {unknown}
 p - a scroll of enchant armour {unknown}
Potions
 c - a potion of berserk rage {unknown}
 e - a potion of attraction {unknown}
 h - a potion of heal wounds {unknown}
 j - a potion of resistance {unknown}
 l - a potion of magic {unknown}


   Skills:
 * Level 5.1 Fighting
 - Level 3.6 Long Blades
 + Level 0.9 Armour
 + Level 3.4 Dodging


You had 4 spell levels left.
You didn't know any spells.
Your spell library contained the following spells:

 Spells                   Type           Power      Damage    Failure   Level
 Summon Small Mammal      Summ           0%         N/A       63%         1
 Call Canine Familiar     Summ           0%         N/A       94%         3
 Summon Guardian Golem    Hex/Summ       0%         N/A       94%         3
 Animate Armour           Summ/Erth      0%         N/A       100%        4
 Iron Shot                Conj/Erth      0%         9d1       100%        6
 Blade Hands              Tmut           Unusable   N/A       N/A         5

Dungeon Overview and Level Annotations

Branches:
Dungeon (3/15)

Altars:


Innate Abilities, Weirdness & Mutations

You are immune to poison.
You have sharp fingernails.
Your flesh is cold resistant. (rC+)
You are immune to negative energy. (rN+++)
You do not regenerate when monsters are visible.
You are immune to unholy pain and torment.
You thrive by killing the living.


Message History

A goblin is nearby!
A goblin is nearby!
The goblin closely misses you.
You hit the goblin.
The goblin is severely wounded.
The goblin hits you with a +0 dagger.
You hit the goblin.
You kill the goblin!
You feel better.
No target in view!
m - 2 scrolls labelled AHUVESECAMO (gained 1) As you open the door, it creaks loudly!
There is an open door here.
Found a stone staircase leading down.
A jelly comes into view.
The jelly quivers.
A jelly is nearby!
A jelly is nearby!
A quokka comes into view.
The jelly misses you.
You hit the jelly. The acid corrodes you!
Your claws burn!
The jelly is moderately wounded.
The jelly hits you.
You are splashed with acid.
You slash the jelly!
Your claws burn!
The jelly is almost dead.
The jelly hits you.
You are splashed with acid!
You hit the jelly but do no damage. The acid corrodes you!
Your claws burn!
The jelly is almost dead.
The jelly hits you. The acid corrodes you!
You are splashed with acid!
* * * LOW HITPOINT WARNING * * *
The quokka closely misses you.
You are too injured to fight recklessly!
Unknown command.
You hit the jelly but do no damage. The acid corrodes you!
Your claws burn!
* * * LOW HITPOINT WARNING * * *
The jelly is almost dead.
The jelly hits you.
* * * LOW HITPOINT WARNING * * *
You are splashed with acid!
You die...

#.# #.# #.### ###### #... ......
#..###### ####### #.......#
#...... ##.#.###.# #...... #..#.#
####...... #r@#.# #.#..+......
#....J#.# #.#.##......
#...###.#.# #.#.##...... ..#
#.#.# #.#.######## . #.#.#
#.#.######## #.#.###.#.........
##.#########.#.....#........#
..>..........#.....)........#
###########.#######.####........#


You could see a jelly and a quokka.

Vanquished Creatures
  3 gnolls (D:2)
  6 adders
  3 worms
  2 dart slugs
  An orc (D:3)
  10 endoplasms
  A giant cockroach (D:3)
  9 goblins
  9 hobgoblins
  4 jackals (D:1)
  6 kobolds
  4 quokkas
  6 ball pythons
  5 bats
  5 frilled lizards
  2 rats
76 creatures vanquished.

Notes
Turn   | Place    | Note
-------+----------+-------------------------------------------
     0 | D:1      | ExZ the Ghoul Monk began the quest for the Orb.
     0 | D:1      | Reached XP level 1. HP: 19/19 MP: 0/0
    59 | D:1      | Reached XP level 2. HP: 19/26 MP: 1/1
   471 | D:1      | Reached XP level 3. HP: 22/33 MP: 2/2
   953 | D:1      | Reached skill level 4 in Fighting
  1558 | D:2      | Reached XP level 4. HP: 39/40 MP: 3/3
  1861 | D:2      | Found a faded altar of an unknown god.
  1934 | D:2      | Reached XP level 5. HP: 38/47 MP: 4/4
  2691 | D:3      | Reached skill level 5 in Fighting
  2933 | D:3      | Splashed by a jelly's acid

Illustrated notes

Levels and vault maps discovered:
D:1:      matt_arrival_los_fun, layout_rooms, serial_rivers,
          chequers_serial_rivers_small_3, chequers_serial_rivers_room_b,
          chequers_serial_rivers_small_3, chequers_serial_rivers_small_a,
          chequers_serial_rivers_large_a, kennysheep_small_spiral
D:2:      layout_basic, chequers_ecumenical_altar_simple_redux, serial_forest,
          infiniplex_forest_lined_ring, infiniplex_forest_lined_corner,
          infiniplex_forest_clump_diagonal, infiniplex_forest_end_2,
          infiniplex_forest_straight_5, infiniplex_forest_lined_2,
          infiniplex_forest_straight_5, infiniplex_forest_lined_3
D:3:      layout_basic

Skill      XL: |  1  2  3  4  5 |
---------------+----------------+-----
Long Blades    | 3 |  3.6
Dodging        | 3 |  3.4
Fighting       | 4 5 |  5.1
Armour         | |  0.9

Action                     |  1- 3 |  4- 6 || total
---------------------------+-------+-------++-------
  Melee: Falchion          |   147 |   140 ||   287
    Use: Potion            |     1 |       ||     1
 Armour: Robe              |    28 |       ||    28
         Ring mail         |    16 |    30 ||    46
  Dodge: Dodged            |   120 |    79 ||   199
